 Dungeon Crawl Stone Soup version 0.17-a0-1570-g74b7129 (webtiles) character file.

54 urechis the Ruffian (level 3, -7/36 HPs)
             Began as a Troll Monk on July 23, 2015.
             Killed by nerve-wracking pain
             ... invoked by Jessica
              (13 damage)
             ... on level 2 of the Dungeon.
             The game lasted 00:02:45 (881 turns).

urechis the Ruffian (Troll Monk)                     Turns: 881, Time: 00:02:45

Health: -7/36      AC:  5    Str: 20    XL:     3   Next: 66%
Magic:  2/2        EV: 10    Int:  6    God:
Gold:   44         SH:  0    Dex: 12    Spells: 0 memorised, 2 levels left

rFire  . . .     SeeInvis .       - Unarmed
rCold  . . .     Clarity  .     a - +0 robe
rNeg   . . .     SustAt   .     (no shield)
rPois  .         Gourm    +     (helmet restricted)
rElec  .         Spirit   .     (no cloak)
rCorr  .         Warding  .     (gloves unavailable)
rMut   .         Stasis   .     (boots unavailable)
MR     .....                    (no amulet)
Stlth  +.........               (no ring)
                                (no ring)

@: not resistant to hostile enchantments, very unstealthy
A: unfitting armour, claws 3, fast metabolism 3, gourmand, regeneration 2,
shaggy fur 1, tough skin 2
a: no special abilities


You were on level 2 of the Dungeon.
You were very full.

You visited 1 branch of the dungeon, and saw 2 of its levels.

You collected 44 gold pieces.

Inventory:

Armour
 a - a +0 robe (worn)
Magical devices
 n - a wand of magic darts (27)
 p - a wand of random effects (34)
Scrolls
 d - a scroll of random uselessness {unknown}
 e - 2 scrolls of teleportation {unknown}
 f - a scroll of noise {unknown}
 i - 2 scrolls of identify {unknown}
 j - a scroll of remove curse {unknown}
 k - a scroll of fog {unknown}
 l - a scroll of amnesia {unknown}
 o - 3 scrolls of enchant armour {unknown}
 r - 2 scrolls of magic mapping {unknown}
Potions
 g - 2 potions of cure mutation {unknown}
 h - 2 potions of curing {unknown}
Comestibles
 b - 5 bread rations
 c - 3 fruits
 m - 3 chunks of flesh
 q - a royal jelly


   Skills:
 + Level 2.8 Fighting
 - Level 2.4 Dodging
 - Level 1.1 Stealth
 * Level 5.0 Unarmed Combat


You had 2 spell levels left.
You didn't know any spells.

Dungeon Overview and Level Annotations

Branches:
Dungeon (2/15)

Altars:

Annotations:
D:2 Jessica, Sigmund


Innate Abilities, Weirdness & Mutations

You are too large for most types of armour.
You have claws for hands.
Your metabolism is lightning-fast.
You like to eat raw meat.
You heal very quickly.
You are covered in fur (AC +1).
You have very tough skin (AC +2).


Message History

You scratch Sigmund.
Sigmund is heavily wounded.
The hobgoblin hits you but does no damage.
Sigmund hits you with a scythe.
You closely miss Sigmund.
Sigmund is heavily wounded.
The hobgoblin closely misses you.
Unknown command.
You feel less confused. Sigmund barely misses you.
Jessica hits you with a dagger. The hobgoblin hits you with a club.
The hobgoblin is no longer bleeding.
Jessica hits you with a dagger. Sigmund barely misses you.
The hobgoblin hits you with a club!
* * * LOW HITPOINT WARNING * * *
You barely miss Sigmund.
Sigmund is heavily wounded.
Jessica barely misses you. Jessica gestures at you while chanting.
Pain shoots through your body!
You die...

... .# ... .## #.# ...
###.###.### .###....#.....
####.##........# . #....
#...g....# ## #...# #....@@..# #.
#...# #...@..#..# #.
#...####....## #### ###.
####....#####.## ..# ###...
#...).........# #.# #.....
#.##.).#####..### #.# ##.##.#
##.##.....####...#####.###..##.#
#..##...#..###<#...........###.#
##.########..##.#####...#.......#


You could see Sigmund (bleeding), Jessica and a hobgoblin.

Vanquished Creatures
  An adder (D:2)
  5 goblins
  5 hobgoblins
  7 jackals
  4 kobolds (D:1)
  A quokka (D:2)
  6 bats
  2 giant cockroaches
  3 giant newts (D:1)
  8 rats
42 creatures vanquished.

Notes
Turn   | Place    | Note
--------------------------------------------------------------
     0 | D:1      | urechis the Troll Monk began the quest for the Orb.
     0 | D:1      | Reached XP level 1. HP: 22/22 MP: 0/0
   119 | D:1      | Reached XP level 2. HP: 27/29 MP: 1/1
   645 | D:2      | Reached XP level 3. HP: 36/36 MP: 2/2
   828 | D:2      | Reached skill level 5 in Unarmed Combat
   867 | D:2      | Noticed Sigmund
   868 | D:2      | Noticed Jessica
   881 | D:2      | Killed from afar by Jessica

Vault maps used:
D:1:      eino_arrival_water_cross
D:2:      okawaru_gym_becter, uniq_sigmund, uniq_jessica

Action                   || total
-------------------------++-------
Melee: Unarmed           ||   116
 Stab: Sleeping          ||     4
  Eat: Chunk             ||    13
